 Dungeon Crawl Stone Soup version 0.27.0 (webtiles) character file.

Game seed: 11034815353660065932

5128 shoop the Thaumaturge (level 10, -2/60 HPs)
             Began as a Djinni Fire Elementalist on July 30, 2021.
             Was a Follower of Makhleb.
             Slain by a manticore (9 damage)
             ... on level 9 of the Dungeon.
             The game lasted 00:31:00 (11316 turns).

shoop the Thaumaturge (Djinni Fire Elementalist)   Turns: 11316, Time: 00:31:01

Health: -2/60      AC: 11    Str:  8    XL:     10   Next: 88%
Gold:   353        EV: 10    Int: 19    God:    Makhleb [*.....] SH:  5 Dex: 14

rFire    + + +     SeeInvis .   e - staff of fire
rCold    . . .     Faith    +   y - +0 buckler
rNeg     . . .     Spirit   .   w - +4 ring mail {rC+}
rPois    ∞         Reflect  .   D - +0 helmet
rElec    .         Harm     .   (no cloak)
rCorr    .         Rampage  .   k - +0 pair of gloves
Will     +....                  (boots unavailable)
Stlth    +.........             C - amulet of faith
HPRegen  0.20/turn              (no ring)
MPRegen  0.00/turn              (no ring)

@: flying
A: sickness immunity, fire resistance 2, cold vulnerability 1, float, innate
caster, hp casting, extra vitality 1
a: Renounce Religion


You were on level 9 of the Dungeon.
You worshipped Makhleb.
Makhleb was aware of your devotion.
You visited 2 branches of the dungeon, and saw 10 of its levels.

You collected 413 gold pieces.
You spent 60 gold pieces at shops.

Inventory:

Hand Weapons
 v - a +2 flail of holy wrath
Armour
 a - a +0 robe
 j - +0 steam dragon scales
 k - a +0 pair of gloves (worn)
 p - a +0 kite shield
 t - a +0 kite shield
 w - a +4 ring mail of cold resistance (worn)
 y - a +0 buckler (worn)
 D - a +0 helmet (worn)
Magical Staves
 e - a staff of fire (weapon)
 h - a staff of death
Jewellery
 C - an amulet of faith (around neck)
Wands
 o - a wand of mindburst (15)
 u - a wand of flame (18)
 B - a wand of paralysis (3)
Scrolls
 d - 3 scrolls of enchant armour {unknown}
 f - a scroll of noise
 g - a scroll of holy word {unknown}
 m - 6 scrolls of blinking {unknown}
 n - a scroll of teleportation
 q - 3 scrolls of amnesia {unknown}
 r - 2 scrolls of fog {unknown}
 x - a scroll of vulnerability
 F - 2 scrolls of enchant weapon {unknown}
Potions
 b - 4 potions of curing
 c - 3 potions of heal wounds {unknown}
 i - a potion of haste
 l - a potion of flight
 s - 2 potions of ambrosia {unknown}
 z - 2 potions of lignification
 A - 2 potions of magic {unknown}
 E - 2 potions of resistance {unknown}


   Skills:
 + Level 0.0 Fighting
 - Level 3.0 Armour
 - Level 2.1 Dodging
 - Level 2.0 Stealth
 - Level 4.0 Shields
 + Level 11.0 Spellcasting
 - Level 3.0 Evocations


You had 5 spell levels left.
You knew the following spells:

 Your Spells              Type           Power      Damage    Failure   Level
a - Foxfire               Conj/Fire      100%       2x1d9     1%          1
b - Conjure Flame         Conj/Fire      68%        6-21      1%          3
c - Inner Flame           Hex/Fire       68%        N/A       1%          3
d - Sticky Flame          Conj/Fire      68%        2d8       1%          4
e - Fireball              Conj/Fire      34%        3d14      6%          5
f - Beastly Appendage     Tmut           100%       N/A       1%          1
g - Slow                  Hex            51%        N/A       1%          2
h - Call Canine Familiar  Summ           51%        N/A       1%          3
i - Dispel Undead         Necr           51%        3d19      1%          4
Your spell library was empty.

Dungeon Overview and Level Annotations

Branches:
Dungeon (9/15)             Temple (1/1) D:6            Lair (0/6) D:8
    Orc: D:9-12

Altars:
Ashenzari
Cheibriados
Dithmenos
Elyvilon
Fedhas
Gozag
Hepliaklqana
Kikubaaqudgha
Makhleb
Nemelex Xobeh
Okawaru
Qazlal
Ru
Sif Muna
Trog
Uskayaw
Vehumet
Wu Jian
Xom
Yredelemnul
Zin
The Shining One

Shops:
D:1 [   D:3 ?   D:5 (

Annotations:
D:2 1 runed translucent door, Crazy Yiuf
D:4 Sigmund
D:6 2 transporters, Grinder; Rallik's ghost, novice DDFi


Innate Abilities, Weirdness & Mutations

You are immune to sickness and miasma.
You are immune to poison.
Your flesh is very heat resistant. (rF++)
You are vulnerable to cold. (rC-)
You float through the air rather than walking.
You learn spells naturally, not from books.
Your magical power is your life essence.
You have superior vitality. (+4 HP)


Message History

You block the manticore's attack.
Unknown command.
Casting: Foxfire (safe; 1% risk of failure)
Confirm with . or Enter, or press ? or * to list all spells.
You feel a surge of power!
You conjure some foxfire!
The manticore burns!
The foxfire hits the manticore but does no damage.
The manticore is heavily wounded.
The manticore bites you! The manticore closely misses you.
The manticore misses you.
You hit the manticore but do no damage.
The manticore is heavily wounded.
The manticore burns!
The foxfire hits the manticore!
The manticore is severely wounded.
The foxfire hits the manticore.
The manticore is severely wounded.
The foxfire hits the manticore but does no damage.
The manticore is severely wounded.
The manticore bites you!!
* * * LOW HITPOINT WARNING * * *
The manticore barely misses you. x2
Unknown command.
Casting: Foxfire (safe; 1% risk of failure)
Confirm with . or Enter, or press ? or * to list all spells.
You feel a surge of power!
You conjure some foxfire!
* * * LOW HITPOINT WARNING * * *
The manticore burns!
The manticore stops burning.
The manticore barely misses you.
The manticore claws you but does no damage.
The manticore closely misses you.
You hit the manticore but do no damage.
The manticore is almost dead.
The foxfire hits the manticore.
The manticore is almost dead.
The foxfire hits the manticore but does no damage.
The manticore is almost dead.
The manticore bites you.
* * * LOW HITPOINT WARNING * * *
You block the manticore's attack. The manticore closely misses you.
The manticore bites you!
You die...

#...........
#.........##
#........#... #
#............. #.
#.........#... #..
#............. #...
#####.............
#....#..##.............
#....H@................
#...................###
#)...##................
##### #####............
#............
#....).......
##...........
#.###....... #...
#.......


You could see a manticore.

Vanquished Creatures
  Joseph (D:7)
  Maggie (D:7)
  A hornet (D:9)
  Prince Ribbit (D:7)
  A shadow (D:9)
  Edmund (D:4)
  4 water moccasins
  Duvessa (D:4)
  An ice beast (D:5)
  2 sky beasts
  2 black bears
  6 necrophages
  3 ogres
  3 centaurs
  A phantom (D:6)
  Blork the orc (D:3)
  2 bullfrogs
  2 gnoll sergeants
  Dowan (D:4)
  A water moccasin zombie (D:6)
  4 scorpions
  5 wights (D:8)
  2 howler monkeys (D:5)
  4 centaur zombies
  2 hounds
  A jelly (D:4)
  2 bullfrog skeletons
  An orc priest (D:8)
  Jessica (D:3)
  2 iguanas
  5 orc wizards
  A mummy (D:8)
  A howler monkey zombie (D:5)
  16 gnolls
  6 adders
  2 shadow imps
  A white imp (D:5)
  An ufetubus (D:5)
  2 worms
  3 dart slugs
  24 orcs
  7 endoplasms
  5 giant cockroaches
  5 goblins
  4 hobgoblins
  10 jackals (D:1)
  4 quokkas
  6 ball pythons
  4 bats
  5 frilled lizards
  A jackal skeleton (D:4)
  5 kobolds
  A rat (D:1)
179 creatures vanquished.

Vanquished Creatures (collateral kills)
  2 foxfires (D:3)
2 creatures vanquished.

Vanquished Creatures (others)
  638 foxfires
  A withered plant (D:8)
639 creatures vanquished.

Grand Total: 820 creatures vanquished

Notes
Turn   | Place    | Note
-------+----------+-------------------------------------------
     0 | D:1      | shoop the Djinni Fire Elementalist began the quest for the
                  | Orb.
     0 | D:1      | Reached XP level 1. HP: 15/15 MP: 0/0
   356 | D:1      | Reached XP level 2. HP: 17/21 MP: 0/0
   525 | D:1      | Reached skill level 3 in Spellcasting
   798 | D:1      | Reached XP level 3. HP: 24/25 MP: 0/0
   798 | D:1      | Learned a level 1 spell: Beastly Appendage
   828 | D:1      | Found Boedwapp's Antique Armour Emporium.
   965 | D:1      | Found a faded altar of an unknown god.
  1594 | D:2      | Reached XP level 4. HP: 26/31 MP: 0/0
  1796 | D:2      | Reached skill level 4 in Spellcasting
  1890 | D:2      | Found a runed translucent door.
  1891 | D:2      | Noticed Crazy Yiuf
  1948 | D:2      | Reached XP level 5. HP: 34/35 MP: 0/0
  1948 | D:2      | Learned a level 2 spell: Slow
  2308 | D:3      | Found Utwim's Magic Scroll Shop.
  2312 | D:3      | Bought a scroll of identify for 24 gold pieces
  2312 | D:3      | Bought a scroll of teleportation for 36 gold pieces
  2492 | D:3      | Noticed Jessica
  2494 | D:3      | Killed Jessica
  2561 | D:3      | Noticed a sky beast
  2573 | D:3      | Killed a sky beast
  2574 | D:3      | Reached skill level 5 in Spellcasting
  2574 | D:3      | Reached XP level 6. HP: 25/40 MP: 0/0
  3314 | D:4      | Noticed a hornet
  4010 | D:4      | Reached XP level 7. HP: 25/45 MP: 0/0
  4010 | D:4      | Learned a level 3 spell: Call Canine Familiar
  4082 | D:4      | Noticed Duvessa
  4086 | D:4      | Noticed Dowan
  4093 | D:4      | Killed Duvessa
  4094 | D:4      | Reached skill level 6 in Spellcasting
  4107 | D:4      | Killed Dowan
  4201 | D:4      | Noticed Blork the orc
  4207 | D:4      | Upgraded the game from 0.27-b1-42-g19c61b19a5 to 0.27.0
  4542 | D:3      | Killed Blork the orc
  4854 | D:4      | Found an ornate altar of the Wu Jian Council.
  4954 | D:4      | Noticed Sigmund
  5025 | D:4      | Noticed Edmund
  5039 | D:4      | Killed Edmund
  5040 | D:4      | Reached skill level 1 in Evocations
  5040 | D:4      | Reached XP level 8. HP: 31/50 MP: 0/0
  5335 | D:5      | Entered Level 5 of the Dungeon
  5433 | D:5      | Reached skill level 1 in Armour
  5517 | D:5      | Reached skill level 7 in Spellcasting
  5930 | D:5      | Reached XP level 9. HP: 33/55 MP: 0/0
  5930 | D:5      | Learned a level 4 spell: Dispel Undead
  6187 | D:5      | Reached skill level 8 in Spellcasting
  6491 | D:5      | Found Nehoriho's Weapon Shoppe.
  6682 | D:5      | Identified the +5 hand axe of Greed {flame, rF+}
  6879 | D:6      | Noticed Grinder
  6926 | D:6      | Found a staircase to the Ecumenical Temple.
  6940 | Temple   | Entered the Ecumenical Temple
  7127 | Temple   | Became a worshipper of Makhleb the Destroyer
  7182 | D:6      | Reached skill level 9 in Spellcasting
  7469 | D:6      | Noticed Rallik's ghost (novice DDFi)
  7474 | D:6      | Found a transporter.
  7852 | D:6      | Identified the +4 spear of the Known World {venom, Str-3
                  | Dex+7}
  7853 | D:6      | Found a transporter.
  8382 | D:7      | Noticed Prince Ribbit
  8391 | D:7      | Killed Prince Ribbit
  8392 | D:7      | Reached XP level 10. HP: 52/60 MP: 0/0
  8470 | D:7      | You are sucked into a shaft and drop 1 floor!
  8479 | D:8      | Reached skill level 1 in Shields
  8548 | D:8      | Found a staircase to the Lair.
  8556 | D:8      | Reached skill level 10 in Spellcasting
  9038 | D:8      | Reached * piety under Makhleb
  9201 | D:7      | Noticed Maggie
  9342 | D:7      | Killed Maggie
  9444 | D:7      | Noticed Joseph
  9454 | D:7      | Killed Joseph
 11205 | D:9      | Reached skill level 11 in Spellcasting
 11306 | D:9      | Noticed a manticore
 11316 | D:9      | Slain by a manticore

Illustrated notes

Levels and vault maps discovered:
D:1:      dpeg_arrival_snail, layout_basic, serial_shops,
          nicolae_shop_overgrown_old_shop, hellmonk_ecumenical_altar_dog_temple,
          chequers_mini_garden, minmay_misc_feat_room
D:2:      layout_loops_ring, minmay_strange_pillars, uniq_crazy_yiuf_cottage
D:3:      layout_basic, serial_shops, nicolae_shop_stone, serial_bayou_ford_a,
          uniq_jessica
D:4:      layout_loops_ring, nzn_wu_jian_council_hall, supply_closet_lemuel,
          uniq_blork_the_orc, uniq_sigmund, uniq_duvessa, uniq_edmund
D:5:      layout_basic, serial_shops, shop, kennysheep_donut,
          hangedman_abyss_or_decor_slice, minmay_misc_feat_five
D:6:      layout_loops_ring, temple_pool_b, gammafunk_ghost_mausoleum,
          uniq_grinder
D:7:      black_bear_nest_1, layout_basic, uniq_maggie, uniq_joseph,
          uniq_prince_ribbit1
D:8:      layout_layer_cave, lair_entry_dummy, serial_undead, serial_undead_a,
          serial_undead_a, serial_undead_e, serial_undead_e, serial_undead_b,
          serial_undead_c, serial_undead_b, serial_undead_c
D:9:      layout_rooms, serial_curves, eino_curves_03, eino_curves_02
Temple:   minmay_crystal_snake_temple

Skill      XL: |  1  2  3  4  5  6  7  8  9 10 |
---------------+-------------------------------+-----
Spellcasting   | 3 4 5 6 7 9 11 | 11.0
Stealth        | 2 |  2.0
Evocations     | 1 3 |  3.0
Armour         | 3 |  3.0
Shields        | 4 |  4.0
Dodging        | |  2.1

Action                   |  1- 3 |  4- 6 |  7- 9 | 10-12 || total
-------------------------+-------+-------+-------+-------++-------
Melee: Staff             |       |    15 |    15 |    14 ||    44
 Cast: Foxfire           |    59 |    83 |   150 |    97 ||   389
       Sticky Flame      |       |     1 |    17 |    11 ||    29
       Inner Flame       |       |     1 |     6 |     1 ||     8
       Slow              |       |       |     3 |       ||     3
       Call Canine Famil |       |       |     3 |       ||     3
       Fireball          |       |       |     2 |     1 ||     3
       Dispel Undead     |       |       |     8 |     6 ||    14
Evoke: Wand              |       |       |       |     1 ||     1
  Use: Scroll            |       |     3 |     3 |     2 ||     8
Armor: Robe              |     1 |       |       |       ||     1
       Steam dragon scal |       |     8 |    19 |       ||    27
       Ring mail         |       |       |     6 |    17 ||    23
Dodge: Dodged            |     3 |    24 |    32 |    29 ||    88
Block: Buckler           |       |       |       |     9 ||     9
